 Dungeon Crawl Stone Soup version 0.26.0-16-gc1dbca0489 (webtiles) character file.

Game seed: 16492037787170393679

1157 BOMJPIETVODKU the Chopper (level 8, -3/60 HPs)
             Began as a Demonspawn Fighter on Jan 19, 2021.
             Was a Follower of Okawaru.
             Slain by an orc warrior
             ... wielding a +0 flail
              (11 damage)
             ... on level 4 of the Dungeon.
             The game lasted 00:18:08 (6088 turns).

BOMJPIETVODKU the Chopper (Demonspawn Fighter)      Turns: 6088, Time: 00:18:08

Health: -3/60      AC:  7    Str: 18    XL:     8   Next: 16%
Magic:  8/8        EV: 16    Int: 11    God:    Okawaru [*.....]
Gold:   209        SH:  9    Dex: 14    Spells: 7/7 levels left

rFire    . . .     SeeInvis .   a - +0 war axe
rCold    . . .     Faith    .   c - +0 kite shield
rNeg     . . .     Spirit   .   b - +0 scale mail
rPois    .         Reflect  .   l - +0 hat
rElec    .         Harm     .   (no cloak)
rCorr    .         Rampage  .   (no gloves)
Will     .....                  (no boots)
Stlth    ..........             (no amulet)
HPRegen  0.20/turn              q - +4 ring of evasion
MPRegen  0.11/turn              (no ring)

@: agile
A: horns 2, powered by pain 1, miasma immunity, big brain 1
a: Renounce Religion, Heroism


You were on level 4 of the Dungeon.
You worshipped Okawaru.
Okawaru was aware of your devotion.
You visited 2 branches of the dungeon, and saw 6 of its levels.

You collected 209 gold pieces.

Inventory:

Hand Weapons
 a - a +0 war axe (weapon)
Missiles
 p - 27 poisoned darts (quivered)
Armour
 b - a +0 scale mail (worn)
 c - a +0 kite shield (worn)
 l - a +0 hat (worn)
Jewellery
 d - an uncursed ring of protection from fire
 q - a +4 ring of evasion (left hand)
 s - an uncursed ring of wizardry
 x - a cursed ring of teleportation {unknown}
Wands
 h - a wand of random effects (24)
Scrolls
 e - 5 scrolls of identify
 g - 2 scrolls of amnesia {unknown}
 m - 3 scrolls of enchant weapon {unknown}
 n - 2 scrolls of immolation {unknown}
 o - a scroll of enchant armour {unknown}
 u - 3 scrolls of remove curse {unknown}
Potions
 f - a potion of berserk rage {unknown}
 i - a potion of lignification {unknown}
 j - a potion of degeneration {unknown}
 k - 3 potions of mutation {unknown}
 r - a potion of heal wounds {unknown}
 t - a potion of attraction {unknown}
 v - a potion of cancellation {unknown}


   Skills:
 + Level 4.2 Fighting
 * Level 7.3 Axes
 + Level 4.1 Armour
 - Level 0.1 Dodging
 - Level 0.1 Stealth
 + Level 4.1 Shields


You had 7 spell levels left.
You didn't know any spells.
Your spell library contained the following spells:

 Spells                   Type           Power        Failure   Level
 Animate Skeleton         Necr           0%           99%         1
 Apportation              Tloc           0%           99%         1
 Corona                   Hex            0%           99%         1
 Summon Small Mammal      Summ           0%           99%         1


Dungeon Overview and Level Annotations

Branches:
Dungeon (5/15)             Temple (1/1) D:4

Altars:
Ashenzari
Cheibriados
Dithmenos
Elyvilon
Fedhas
Gozag
Hepliaklqana
Kikubaaqudgha
Makhleb
Nemelex Xobeh
Okawaru
Ru
Trog
Uskayaw
Vehumet
Wu Jian
Xom
Yredelemnul
Zin

Shops:
D:4 }


Innate Abilities, Weirdness & Mutations

You have a pair of horns on your head.
You sometimes gain a little power by taking damage.
You are immune to miasma.
You have an unusually large brain. (Int +2)


Message History

You headbutt the orc warrior, but do no damage.
The orc warrior is moderately wounded.
The orc warrior completely misses you.
You closely miss the orc warrior. You headbutt the orc warrior.
The orc warrior is heavily wounded.
The orc warrior hits you with a +0 flail!
* * * LOW HITPOINT WARNING * * *
You hit the orc warrior but do no damage.
The orc warrior is heavily wounded.
You block the orc warrior's attack.
You closely miss the orc warrior.
The orc warrior is heavily wounded.
You block the orc warrior's attack.
You hit the orc warrior.
The orc warrior is severely wounded.
The orc warrior misses you.
You barely miss the orc warrior.
The orc warrior is severely wounded.
The orc warrior hits you with a +0 flail!
You die...

..##.....##
.<.#......###
........#...#
.......###.###
........##...#
.............#
...###.......####
#............#.)##
##.............)@#
.#..##.....##..o.#
....##.....###..####
....###...(##......##
...####....#...#....#
..................###
...............##.#
..................#
...........#...#..##


You could see an orc warrior.

Vanquished Creatures
  2 orc warriors
  A necrophage (D:3)
  A phantom (D:4)
  A bullfrog (D:4)
  4 orc priests
  2 hounds
  A bullfrog skeleton (D:4)
  8 orc wizards
  3 worker ants (D:4)
  6 adders
  4 gnolls
  3 oozes
  2 worms (D:2)
  3 dart slugs
  4 leopard geckos
  26 orcs
  6 giant cockroaches
  7 goblins
  4 hobgoblins
  4 jackals (D:3)
  A ball python (D:1)
  12 bats
  6 frilled lizards
  7 kobolds
  A leopard gecko zombie (D:5)
  7 rats
126 creatures vanquished.

Vanquished Creatures (others)
  6 plants (D:4)
6 creatures vanquished.

Grand Total: 132 creatures vanquished

Notes
Turn   | Place    | Note
-------+----------+-------------------------------------------
     0 | D:1      | BOMJPIETVODKU the Demonspawn Fighter began the quest for
                  | the Orb.
     0 | D:1      | Reached XP level 1. HP: 18/18 MP: 1/1
   327 | D:1      | Reached skill level 2 in Axes
   451 | D:1      | Gained mutation: You sometimes gain a little power by
                  | taking damage. [demonic ancestry]
   451 | D:1      | Reached XP level 2. HP: 24/24 MP: 2/2
  1141 | D:2      | Gained mutation: You are immune to miasma. [demonic
                  | ancestry]
  1141 | D:2      | Reached XP level 3. HP: 24/29 MP: 3/3
  1536 | D:2      | Reached skill level 3 in Axes
  1581 | D:2      | Found a snail-covered altar of Cheibriados.
  1792 | D:2      | Gained mutation: You have a pair of small horns on your
                  | head. [demonic ancestry]
  1792 | D:2      | Reached XP level 4. HP: 35/35 MP: 4/4
  2544 | D:3      | Reached skill level 4 in Axes
  2544 | D:3      | Reached XP level 5. HP: 17/41 MP: 5/5
  2557 | D:3      | HP: 1/41 [gnoll/+0 spear (3)]
  3397 | D:3      | Gained mutation: You have an unusually large brain. (Int
                  | +2) [demonic ancestry]
  3397 | D:3      | Reached XP level 6. HP: 47/47 MP: 6/6
  3611 | D:3      | Found a bloodstained altar of Trog.
  3788 | D:3      | Reached skill level 5 in Axes
  4212 | D:4      | Reached XP level 7. HP: 39/53 MP: 7/7
  4252 | D:4      | HP: 2/53 [orc wizard/magic dart (2)]
  4562 | D:4      | Reached skill level 6 in Axes
  4683 | D:4      | Found Ziodghud's Gadget Shop.
  4738 | D:4      | Found a staircase to the Ecumenical Temple.
  4762 | Temple   | Entered the Ecumenical Temple
  4881 | Temple   | Became a worshipper of Warmaster Okawaru
  5564 | D:5      | Entered Level 5 of the Dungeon
  5664 | D:5      | Found a sparkling altar of Nemelex Xobeh.
  5792 | D:5      | Found a runed translucent door.
  5827 | D:5      | Reached * piety under Okawaru
  5828 | D:5      | Reached skill level 7 in Axes
  5828 | D:5      | Gained mutation: You have a pair of horns on your head.
                  | [demonic ancestry]
  5828 | D:5      | Reached XP level 8. HP: 20/60 MP: 8/8
  6088 | D:4      | Slain by an orc warrior

Illustrated notes

Levels and vault maps discovered:
D:1:      amcnicky_arrival_abandoned_market, layout_basic, dk_noncrumbling_2,
          minmay_misc_feat_iff, minmay_crystal_room, minmay_tromino_v4_c
D:2:      layout_basic, lemuel_crystal_altar, minmay_indecisive_spiral
D:3:      layout_loops_cross, lemuel_coloured_pillars_altar
D:4:      layout_cave_pools, minmay_temple_entry_overgrown, serial_shops, shop,
          lightli_corner_chamber
D:5:      layout_loops_corners, lemuel_round_altar, lightli_church_of_beogh
Temple:   eino_temple_scatter_basement

Skill      XL: |  1  2  3  4  5  6  7 |
---------------+----------------------+-----
Axes           | 2 3 4 5 7 |  7.3
Shields        | 3 4 |  4.1
Armour         | 3 4 |  4.1
Fighting       | 4 |  4.2
Dodging        | |  0.1
Stealth        | |  0.1

Action                   |  1- 3 |  4- 6 |  7- 9 || total
-------------------------+-------+-------+-------++-------
Melee: War axe           |   126 |   149 |   141 ||   416
       Headbutt          |       |    29 |    25 ||    54
Throw: Dart              |       |     1 |       ||     1
  Use: Scroll            |       |     3 |       ||     3
       Potion            |       |     1 |     1 ||     2
Armor: Scale mail        |    99 |    48 |    44 ||   191
Dodge: Dodged            |    42 |    70 |    51 ||   163
Block: Kite shield       |    75 |    80 |    78 ||   233
